 Dungeon Crawl Stone Soup version 0.25-a0-578-gc91f01c39c (webtiles) character file.

Game seed: 11197786878758465163, levelgen mode: classic

44780 EnegeticOcto the Champion of Chaos (level 13, -1/140 HPs)
             Began as a Deep Dwarf Fighter on Mar 4, 2020.
             Was the Champion of Makhleb.
             Slain by a tyrant leech (19 damage)
             ... on level 1 of the Swamp.
             The game lasted 00:11:17 (12867 turns).

EnegeticOcto the Champion of Chaos (DDFi)          Turns: 12867, Time: 00:11:17

Health: -1/140     AC: 18    Str: 26    XL:     13   Next: 98%
Magic:  10/10      EV:  9    Int: 15    God:    Makhleb [******]
Gold:   658        SH: 12    Dex: 10    Spells: 12/12 levels left

rFire    . . .     SeeInvis .   a - +2 broad axe (venom)
rCold    . . .     Gourm    .   c - +0 kite shield
rNeg     . . .     Faith    +   q - +4 scale mail of the Endless Blessings {rPois Regen+ Int+7 Dex-4}
rPois    +         Spirit   .   I - +2 hat
rElec    .         Reflect  .   u - +2 cloak
rCorr    +         Harm     .   (no gloves)
MR       +....                  (no boots)
Stlth    ..........             H - amulet of faith
HPRegen  0.00/turn              o - ring of resist corrosion
MPRegen  0.12/turn              (no ring)

@: lethally poisoned (-1 -> -1), non-regenerating
A: damage resistance, heal wounds, beak, agile 1, sense surroundings 2, robust
1, evolution 1, no potion heal 1, no regeneration
a: Heal Wounds, Minor Destruction, Lesser Servant of Makhleb, Major Destruction,
Greater Servant of Makhleb, Renounce Religion


You were on level 1 of the Swamp.
You worshipped Makhleb.
Makhleb was exalted by your worship.
You were not hungry.

You visited 4 branches of the dungeon, and saw 21 of its levels.
You also visited: Bailey.

You collected 1030 gold pieces.
You spent 372 gold pieces at shops.

Inventory:

Hand Weapons
 a - a +2 broad axe of venom (weapon)
Missiles
 h - a throwing net (quivered)
Armour
 c - a +0 kite shield (worn)
 q - the +4 scale mail of the Endless Blessings (worn) {rPois Regen+ Int+7 Dex-4}
   (You bought it in a shop on level 6 of the Dungeon)

   It affects your intelligence (+7).
   It affects your dexterity (-4).
   It protects you from poison.
   It increases your rate of regeneration.
   If you remove this armour, your AC will decrease by 13 (18 -> 5).
 u - a +2 cloak (worn)
 y - a +0 plate armour
 I - a +2 hat (worn)
Jewellery
 l - an uncursed ring of protection from magic
 o - a ring of resist corrosion (left hand)
 H - an amulet of faith (around neck)
Wands
 f - a wand of digging (4) {@v2}
 t - a wand of iceblast (20)
 z - a wand of acid (13) {@v1}
 F - a wand of flame (12)
 K - a wand of scattershot (2)
 P - a wand of polymorph (12)
 Q - a wand of paralysis (6)
Scrolls
 b - 2 scrolls of teleportation {@r2}
 d - 11 scrolls of remove curse {@r6}
 i - 5 scrolls of blinking {@r3}
 p - a scroll of immolation {@r4}
 w - a scroll of magic mapping {@r5}
 C - a scroll of summoning
 D - a scroll of holy word
 G - a scroll of fear
Potions
 g - 2 potions of lignification {@q7}
 j - 3 potions of invisibility
 k - 5 potions of might {@q3}
 m - 6 potions of curing {@q1}
 n - a potion of haste {@q4}
 v - a potion of magic
 x - 2 potions of ambrosia
 A - 4 potions of heal wounds {@q2}
 B - 2 potions of mutation
 N - a potion of cancellation
 O - a potion of resistance {unknown}
 T - a potion of berserk rage
Miscellaneous
 r - a lamp of fire
Comestibles
 e - 30 rations


   Skills:
 * Level 11.9 Fighting
 * Level 13.6 Axes
 + Level 10.3 Armour
 + Level 10.2 Shields
 * Level 14.2 Invocations


You had 12 spell levels left.
You didn't know any spells.
Your spell library was empty.

Dungeon Overview and Level Annotations

Branches:
Dungeon (14/15)            Temple (1/1) D:5            Lair (5/6) D:11
  Swamp (1/4) Lair:3       Spider (0/4) Lair:2        Slime (0/5) Lair:5
    Orc (0/2) D:9          Bailey (visited)
 Vaults: D:13-14

Altars:
Ashenzari
Cheibriados
Dithmenos
Elyvilon
Fedhas
Gozag
Hepliaklqana
Kikubaaqudgha
Makhleb
Nemelex Xobeh
Qazlal
Ru
Sif Muna
Trog
Uskayaw
Vehumet
Wu Jian
Xom
Yredelemnul
Zin
The Shining One

Shops:
D:6 *[   D:8 !

Annotations:
D:9 1 runed translucent door


Innate Abilities, Weirdness & Mutations

You are resistant to damage.
You can heal yourself by infusing magical energy.
You passively map the area around you.
You do not regenerate.
You have a beak for a mouth.
You are agile. (Dex +2)
You are robust. (+10% HP)
You evolve.
Potions are less effective at restoring your health.


Message History

You are too injured to fight recklessly!
You are too injured to fight recklessly!
You are too injured to fight recklessly!
You are too injured to fight recklessly!
You are too injured to fight recklessly!
You are too injured to fight recklessly!
You are too injured to fight recklessly!
You feel much better. You block the spiny frog's attack.
The ten-headed hydra bites you.
You block the ten-headed hydra's attack.
The ten-headed hydra barely misses you.
You block the ten-headed hydra's attack. x2
The ten-headed hydra bites you but does no damage.
The ten-headed hydra bites you. x2
The ten-headed hydra bites you but does no damage.
The ten-headed hydra closely misses you.
The tyrant leech bites you!
The tyrant leech draws strength from your injuries!
The tyrant leech bites you!!
* * * LOW HITPOINT WARNING * * *
The tyrant leech draws strength from your injuries!
The spiny frog closely misses you.
Your magical essence is drained by the effort!
You feel much better.
You block the ten-headed hydra's attack.
The ten-headed hydra bites you but does no damage.
You block the ten-headed hydra's attack.
The ten-headed hydra bites you. The ten-headed hydra bites you!
The ten-headed hydra bites you but does no damage.
The ten-headed hydra closely misses you.
The ten-headed hydra bites you but does no damage.
The ten-headed hydra bites you. The ten-headed hydra bites you!
* * * LOW HITPOINT WARNING * * *
The spiny frog misses you. The tyrant leech closely misses you.
A demon appears!
The tyrant leech bites you.
* * * LOW HITPOINT WARNING * * *
The tyrant leech draws strength from your injuries!
The spiny frog stings you but does no damage.
You block the ten-headed hydra's attack.
The ten-headed hydra bites you but does no damage.
The ten-headed hydra misses you.
The ten-headed hydra closely misses you.
The ten-headed hydra bites you but does no damage.
You block the ten-headed hydra's attack.
The ten-headed hydra misses you.
You block the ten-headed hydra's attack.
The ten-headed hydra bites you!
* * * LOW HITPOINT WARNING * * *
The ten-headed hydra barely misses you. The tyrant leech bites you!!
* * * LOW HITPOINT WARNING * * *
The tyrant leech draws strength from your injuries!
You feel much better. You block the spiny frog's attack.
You block the ten-headed hydra's attack.
The ten-headed hydra bites you.
* * * LOW HITPOINT WARNING * * *
The ten-headed hydra barely misses you.
You block the ten-headed hydra's attack.
The ten-headed hydra bites you but does no damage.
The ten-headed hydra closely misses you.
The ten-headed hydra bites you but does no damage.
The ten-headed hydra barely misses you.
The ten-headed hydra bites you but does no damage.
The ten-headed hydra closely misses you.
You block the tyrant leech's attack.
Your orange demon stings the spiny frog!
Your orange demon hits the spiny frog.
The spiny frog looks weaker.
The tyrant leech looks more healthy.
The spiny frog stings your orange demon!
The tyrant leech misses you.
You block the ten-headed hydra's attack.
The ten-headed hydra barely misses you.
You block the ten-headed hydra's attack.
The ten-headed hydra misses you.
The ten-headed hydra bites you but does no damage.
The ten-headed hydra completely misses you.
The ten-headed hydra bites you.
* * * LOW HITPOINT WARNING * * *
The ten-headed hydra bites you but does no damage.
The ten-headed hydra bites you.
The ten-headed hydra bites you but does no damage.
The tyrant leech bites you but does no damage.
Your orange demon stings the spiny frog.
Your orange demon hits the spiny frog.
The spiny frog stings your orange demon.
The ten-headed hydra barely misses you. The ten-headed hydra bites you.
The ten-headed hydra bites you but does no damage.
The ten-headed hydra bites you!
* * * LOW HITPOINT WARNING * * *
You block the ten-headed hydra's attack.
The ten-headed hydra bites you but does no damage.
The ten-headed hydra closely misses you.
The ten-headed hydra barely misses you.
You block the ten-headed hydra's attack.
The ten-headed hydra bites you but does no damage.
The tyrant leech bites you!
* * * LOW HITPOINT WARNING * * *
The tyrant leech draws strength from your injuries!
The spiny frog stings your orange demon but does no damage.
The tyrant leech bites you!!
You die...

.≈≈≈≈....♣
♣♣♣.♣♣.♣♣.♣♣.♣♣
.≈≈≈≈..≈♣
♣≈..≈.....≈≈≈.♣
..≈≈≈.≈♣*
♣♣..≈≈.≈≈..≈≈≈.♣
≈ ≈.♣....≈
♣≈.≈≈..≈≈.≈≈≈≈.♣
* ≈.≈.≈≈≈≈
♣♣.≈≈≈.≈≈≈≈≈≈≈≈.♣
* , ≈ .♣....≈≈
♣.§≈≈≈≈.≈§.≈≈≈♣♣♣
, ≈ ♣♣≈.....
...≈≈≈≈........♣
* ≈≈≈....≈
.§....D≈(....♣♣♣
.≈≈.≈.≈
≈..≈≈.F@..≈♣♣♣ *
** .. ≈≈.,
...≈≈4.ww≈.♣****
, , , ≈
*≈...≈..≈≈....♣ ,
,, ≈ ,
...>..≈≈..≈≈≈...
, ≈ , ,
♣≈.≈≈§≈≈≈≈≈≈≈....
≈ ,
♣♣♣♣♣♣♣.≈≈≈≈%.♣♣♣
, ,* , ...≈≈≈.♣♣
* ≈ ≈ , *
≈≈≈.....♣ , ≈ ≈ ,
≈ ≈ ≈≈


You could see a ten-headed hydra, 2 tyrant leeches, a spiny frog and a friendly
orange demon.

Vanquished Creatures
  Gastronok (D:11)
  Kirke (Lair:5)
  Erolcha (D:13)
  3 hydras
  A catoblepas (D:14)
  Erica (D:11)
  3 two-headed ogres
  2 centaur warriors
  4 tengu warriors
  An unseen horror (D:10)
  An orc knight (Bailey)
  A deep elf mage (D:14)
  An ugly thing (D:11)
  A cyclops (D:14)
  A manticore (D:13)
  A moth of wrath (shapeshifter) (D:13)
  An elephant (Lair:4)
  A black mamba (Lair:2)
  Joseph (D:9)
  2 spiny frogs
  A gargoyle (D:10)
  6 komodo dragons
  A tengu conjurer (D:13)
  2 jumping spiders (Lair:2)
  A polar bear (Lair:2)
  A hornet (D:13)
  Prince Ribbit (D:5)
  2 trolls
  2 bog bodies (Lair:3)
  Grinder (D:6)
  7 dream sheep (Lair:5)
  8 hippogriffs
  7 blink frogs
  8 slime creatures
  A meliai zombie (D:14)
  3 redbacks (Lair:2)
  A vampire (D:11)
  2 wyverns (D:9)
  6 wraiths
  2 shadows
  A basilisk (D:11)
  11 fire bats (D:9)
  4 yaks (D:11)
  4 hogs (Lair:5)
  Grum (D:9)
  A hungry ghost (D:11)
  6 vampire mosquitoes
  A two-headed ogre zombie (D:9)
  A swamp worm (Swamp:1)
  6 water moccasins
  2 acid dragons
  3 porcupines (Lair:4)
  3 ice beasts
  11 orc warriors
  A phantom (D:9)
  3 sky beasts
  2 black bears
  An eye of draining (D:11)
  3 ogres
  8 wolves
  6 centaurs
  9 crocodiles
  2 big kobolds
  A wyvern zombie (D:12)
  13 bullfrogs
  2 wyvern skeletons
  20 killer bees
  3 troll zombies (D:9)
  12 scorpions
  A howler monkey (D:7)
  14 wights
  3 electric eels
  8 crimson imps
  8 jellies
  7 hounds
  5 centaur skeletons
  7 orc priests
  4 bullfrog skeletons
  13 orc wizards
  Natasha (twice) (D:4)
  8 iguanas
  6 hell rats (Lair:5)
  6 worker ants
  4 ogre zombies (D:9)
  A hound zombie (D:8)
  A worker ant zombie (D:7)
  12 adders
  A shadow imp (D:11)
  An ooze (D:1)
  2 adder skeletons
  A dart slug (D:1)
  4 leopard geckos
  62 orcs
  72 bats
  3 giant cockroaches
  14 goblins
  7 hobgoblins
  8 jackals
  31 kobolds
  5 quokkas
  A frilled lizard (D:3)
  2 goblin skeletons (D:9)
  3 goblin zombies (D:9)
  A hobgoblin skeleton (D:9)
  2 hobgoblin zombies (D:9)
  A jackal skeleton (D:4)
  A leopard gecko zombie (D:5)
  5 orc skeletons (D:9)
  12 orc zombies (D:9)
  2 quokka skeletons
  A rat (D:3)
  2 fungi (D:8)
587 creatures vanquished.

Vanquished Creatures (others)
  An unseen horror (D:13)
  A plant (Lair:5)
2 creatures vanquished.

Grand Total: 589 creatures vanquished

Notes
Turn   | Place    | Note
-------+----------+-------------------------------------------
     0 | D:1      | EnegeticOcto the Deep Dwarf Fighter began the quest for the
                  | Orb.
     0 | D:1      | Reached XP level 1. HP: 20/20 MP: 1/1
   107 | D:1      | Reached XP level 2. HP: 24/27 MP: 2/2
   346 | D:2      | Found a shadowy altar of Dithmenos.
   410 | D:2      | Reached XP level 3. HP: 26/34 MP: 3/3
   483 | D:3      | Noticed a centaur
   498 | D:3      | Killed a centaur
   498 | D:3      | Reached XP level 4. HP: 41/44 MP: 2/2
   550 | D:4      | Reached XP level 5. HP: 44/50 MP: 3/3
   634 | D:4      | Reached XP level 6. HP: 50/57 MP: 4/4
   661 | D:4      | Noticed Natasha
   679 | D:4      | Killed Natasha
   787 | D:4      | Found a stormy altar of Qazlal.
   790 | D:4      | Found a white marble altar of Elyvilon.
   903 | D:5      | Entered Level 5 of the Dungeon
   977 | D:5      | Reached skill level 5 in Axes
  1003 | D:4      | Found a sacrificial altar of Ru.
  1013 | D:4      | Noticed Natasha
  1211 | D:4      | Killed Natasha
  1211 | D:4      | Reached XP level 7. HP: 54/66 MP: 4/4
  1246 | D:5      | You fall into a shaft and drop 2 floors!
  1347 | D:7      | Found a radiant altar of Vehumet.
  1445 | D:5      | Reached skill level 5 in Fighting
  1474 | D:5      | Noticed Prince Ribbit
  1497 | D:5      | Reached skill level 5 in Armour
  1497 | D:5      | Reached skill level 5 in Shields
  1531 | D:5      | Killed Prince Ribbit
  1531 | D:5      | Reached XP level 8. HP: 52/75 MP: 4/4
  1848 | D:5      | Found a staircase to the Ecumenical Temple.
  1896 | Temple   | Entered the Ecumenical Temple
  1956 | Temple   | Became a worshipper of Makhleb the Destroyer
  2562 | D:6      | Reached skill level 1 in Invocations
  2733 | D:6      | Reached skill level 2 in Invocations
  2843 | D:6      | Found Cacul's Antique Armour Boutique.
  2858 | D:6      | Found Jybb's General Store.
  3006 | D:6      | Found a blossoming altar of Fedhas.
  3011 | D:6      | Found a glowing golden altar of the Shining One.
  3012 | D:6      | Found a shimmering blue altar of Sif Muna.
  3226 | D:6      | Reached skill level 3 in Invocations
  3265 | D:6      | Noticed Grinder
  3297 | D:6      | Killed Grinder
  3493 | D:7      | Reached skill level 4 in Invocations
  3542 | D:7      | Gained mutation: You passively map the area around you.
                  | [Deep Dwarf growth]
  3542 | D:7      | Reached XP level 9. HP: 48/85 MP: 8/8
  3827 | D:7      | Reached skill level 5 in Invocations
  3841 | D:7      | Reached * piety under Makhleb
  4271 | D:8      | Found an ancient bone altar of Kikubaaqudgha.
  4289 | D:8      | Reached skill level 6 in Invocations
  4290 | D:8      | Reached ** piety under Makhleb
  4293 | D:8      | Found a shattered altar of Ashenzari.
  4310 | D:8      | Found Miuric's Distillery.
  4417 | D:8      | Found a bloodstained altar of Trog.
  5250 | D:8      | Got a brightly glowing war axe
  5251 | D:8      | Identified the +5 war axe of Ton Afui {drain, *Rage rPois
                  | rF+ Str+3} (You found it on level 8 of the Dungeon)
  5343 | D:6      | Bought an encrusted scale mail for 252 gold pieces
  5353 | D:6      | Identified the +4 scale mail of the Endless Blessings
                  | {rPois Regen+ Int+7 Dex-4} (You bought it in a shop on
                  | level 6 of the Dungeon)
  5439 | D:9      | Found a flagged portal.
  5443 | D:9      | Reached XP level 10. HP: 75/94 MP: 7/7
  5445 | D:9      | Reached skill level 7 in Invocations
  5459 | Bailey   | Entered a bailey
  5574 | Bailey   | Reached *** piety under Makhleb
  5579 | Bailey   | Noticed an orc knight
  5593 | Bailey   | Killed an orc knight
  5780 | D:9      | Noticed Grum
  5786 | D:9      | Reached skill level 8 in Invocations
  5793 | D:9      | Killed Grum
  5922 | D:9      | Found a staircase to the Orcish Mines.
  5930 | D:9      | Reached **** piety under Makhleb
  5963 | D:9      | Noticed a two-headed ogre
  5969 | D:9      | Killed a two-headed ogre
  5969 | D:9      | Reached skill level 10 in Axes
  5969 | D:9      | Reached skill level 9 in Invocations
  6051 | D:9      | Found an ornate altar of the Wu Jian Council.
  6070 | D:9      | Found a shimmering blue altar of Sif Muna.
  6286 | D:9      | Found a runed translucent door.
  6314 | D:9      | Found a burning altar of Makhleb.
  6325 | D:9      | Noticed a flayed ghost
  6326 | D:9      | Reached XP level 11. HP: 104/104 MP: 9/9
  6358 | D:9      | Found a glowing silver altar of Zin.
  6379 | D:9      | Found an ornate altar of the Wu Jian Council.
  6412 | D:9      | Found a hide-covered altar of Uskayaw.
  6489 | D:9      | Reached ***** piety under Makhleb
  6512 | D:9      | Noticed Joseph
  6522 | D:9      | Killed Joseph
  6583 | D:9      | Found a blossoming altar of Fedhas.
  6618 | D:9      | Found an opulent altar of Gozag.
  6740 | D:8      | Bought a potion of mutation for 120 gold pieces
  6740 | D:8      | Gained mutation: You are agile. (Dex +2) [potion of
                  | mutation]
  6740 | D:8      | Gained mutation: You are weak. (Str -2) [potion of
                  | mutation]
  6740 | D:8      | Gained mutation: You are robust. (+10% HP) [potion of
                  | mutation]
  6740 | D:8      | Gained mutation: You evolve. [potion of mutation]
  6803 | D:10     | Entered Level 10 of the Dungeon
  6807 | D:10     | Reached skill level 10 in Invocations
  6852 | D:10     | Noticed a two-headed ogre
  6860 | D:10     | Killed a two-headed ogre
  6873 | D:10     | Killed an unseen horror
  7484 | D:11     | Lost mutation: You are weak. (Str -2) [evolution]
  7610 | D:11     | You fall into a shaft and drop 3 floors!
  7667 | D:14     | Found a sacrificial altar of Ru.
  7677 | D:14     | Noticed a tengu warrior
  7677 | D:14     | Noticed a tengu warrior
  7689 | D:14     | Killed a tengu warrior
  7689 | D:14     | Reached skill level 11 in Invocations
  7711 | D:14     | Killed a tengu warrior
  7711 | D:14     | Reached XP level 12. HP: 98/127 MP: 12/12
  7745 | D:14     | Noticed a tengu warrior
  7765 | D:14     | Killed a tengu warrior
  7820 | D:14     | Noticed a centaur warrior
  7828 | D:14     | Killed a centaur warrior
  7828 | D:14     | Reached ****** piety under Makhleb
  7828 | D:14     | Reached skill level 10 in Fighting
  7900 | D:14     | Noticed a catoblepas
  7911 | D:14     | Killed a catoblepas
  8239 | D:13     | Reached skill level 12 in Invocations
  8255 | D:13     | Noticed a two-headed ogre
  8256 | D:13     | Noticed Erolcha
  8266 | D:13     | Killed a two-headed ogre
  8267 | D:13     | Killed Erolcha
  8268 | D:13     | Noticed a tengu warrior
  8289 | D:13     | Killed a tengu warrior
  9270 | D:11     | Noticed a centaur warrior
  9284 | D:11     | Killed a centaur warrior
  9362 | D:11     | Noticed Erica
  9370 | D:11     | Noticed Gastronok
  9383 | D:11     | Killed Erica
  9383 | D:11     | Reached XP level 13. HP: 134/138 MP: 14/14
  9395 | D:11     | Killed Gastronok
  9395 | D:11     | Reached skill level 13 in Invocations
  9479 | D:11     | Found a staircase to the Lair.
  9606 | D:11     | Gained mutation: You have a beak for a mouth. [evolution]
 10065 | Lair:1   | Entered Level 1 of the Lair of Beasts
 10589 | Lair:2   | Found a hole to the Spider Nest.
 11031 | Lair:3   | Found a staircase to the Swamp.
 11555 | Lair:3   | Gained mutation: Potions are less effective at restoring
                  | your health. [evolution]
 11743 | Lair:4   | Reached skill level 10 in Armour
 12158 | Lair:5   | Reached skill level 10 in Shields
 12359 | Lair:5   | Noticed Kirke
 12382 | Lair:5   | Killed Kirke
 12382 | Lair:5   | Reached skill level 14 in Invocations
 12524 | Lair:5   | Found a staircase to the Slime Pits.
 12783 | Swamp:1  | Entered Level 1 of the Swamp
 12864 | Swamp:1  | HP: 7/140 [tyrant leech (19)]
 12867 | Swamp:1  | Slain by a tyrant leech

Levels and vault maps discovered:
D:1:      evilmike_arrival_fibonacci_small, layout_loops_corners
D:2:      layout_basic, old_standard_altar
D:3:      layout_rooms, okawaru_ov_weapons_minmay
D:4:      layout_basic, nicolae_overflow_hidden_temple, lemuel_doored_altar,
          uniq_natasha, uniq_duvessa
D:5:      layout_basic, lemuel_temple_firewalk_b, first_ration,
          serial_co_window_serial, co_window_paths_a, co_window_corner_a,
          co_window_paths_a, co_window_corner_a, co_window_paths_a,
          co_window_paths_c, co_window_corner_b, co_window_broadway_a,
          co_window_broadway_a, co_window_cross_2, co_window_paths_e,
          glass_columns_a, uniq_prince_ribbit1
D:6:      layout_loops_corners, minitemple, serial_shops, shop, shop,
          uniq_grinder
D:7:      layout_basic, nicolae_overflow_crystal_walls
D:8:      old_forge, layout_basic, kiku_gazebo_pond_becter, ashenzari_altar_1,
          lemuel_round_altar, serial_shops, shop, grunt_ogre_cave
D:9:      due_megacathedral, layout_cave_pools, marbit_many_paths,
          zombieorc2_lemuel, basic_altar, enter_bailey_3, uniq_joseph, uniq_grum
D:10:     layout_cross
D:11:     layout_long_grid, lair_entry_dummy, uniq_gastronok, uniq_erica
D:12:     layout_rooms
D:13:     kennysheep_demon_hangout, layout_long_grid, grunt_vaults_entry_tiered,
          uniq_erolcha, uniq_sonja
D:14:     layout_roguey, nicolae_ru_sacrificial_ziggurat, drop_trap
Temple:   jpeg_temple_island
Lair:1:   layout_small_grid, grunt_forest_large_clearing_hut
Lair:2:   layout_gridlike, nicolae_spider_entry_tight_spaces,
          lemuel_fruit_fields
Lair:3:   layout_loops_ring, skrybe_swamp_entry_bodies
Lair:4:   layout_gridlike, st_stairs_12, chequers_serial_rivers_small_3,
          serial_bayou_lake_a
Lair:5:   layout_small_grid, minmay_slime_entry_pillars, uniq_kirke
Swamp:1:  layout_basic_swamp, hangedman_swamp_diagram, swamp_pool1, worms_lemuel

Skill      XL: |  1  2  3  4  5  6  7  8  9 10 11 12 13 |
---------------+----------------------------------------+-----
Fighting       | 3 4 5 6 7 8 9 10 11 | 11.9
Axes           | 3 4 5 6 7 8 10 11 12 13 | 13.6
Armour         | 4 5 6 7 8 9 10 | 10.3
Shields        | 4 5 6 7 8 9 10 | 10.2
Invocations    | 4 6 9 11 12 14 | 14.2

Action                   |  1- 3 |  4- 6 |  7- 9 | 10-12 | 13-15 || total
-------------------------+-------+-------+-------+-------+-------++-------
Melee: War axe           |    88 |    91 |   476 |   704 |       ||  1359
       Broad axe         |       |       |       |    18 |   355 ||   373
       Peck              |       |       |       |       |    55 ||    55
Invok: Lesser Servant of |       |       |       |       |     1 ||     1
 Abil: Heal Wounds       |     2 |     4 |    13 |     2 |     9 ||    30
  Use: Scroll            |       |       |    17 |     5 |     9 ||    31
       Potion            |       |       |       |     2 |       ||     2
 Stab: Held in net/web   |       |       |     1 |       |       ||     1
       Petrified         |       |       |       |     3 |       ||     3
  Eat: Chunk             |       |     1 |    13 |    13 |     6 ||    33
       Ration            |       |       |       |     1 |     2 ||     3
Armor: Scale mail        |    45 |    30 |    30 |       |    39 ||   144
       Plate armour      |       |       |   196 |   524 |   206 ||   926
Dodge: Dodged            |    36 |    34 |    98 |   189 |   106 ||   463
Block: Kite shield       |    73 |    47 |   270 |   573 |   258 ||  1221

Table legend:
 A = Non-vault XP
 B = Vault XP
 C = Vault XP percentage of total XP
 D = Non-vault monster count
 E = Vault monster count
 F = Vault count percentage of total count
                 A         B        C        D         E       F
            +---------+---------+-------+---------+---------+-------
      Total |   48829 |   15143 |  23.7 |     469 |     117 |  20.0
            +---------+---------+-------+---------+---------+-------
        D:1 |      34 |       0 |   0.0 |      13 |       0 |   0.0
        D:2 |      23 |       0 |   0.0 |       6 |       0 |   0.0
        D:3 |     127 |       0 |   0.0 |      10 |       0 |   0.0
        D:4 |     442 |      36 |   7.5 |      17 |       1 |   5.6
        D:5 |     555 |     283 |  33.8 |      13 |       1 |   7.1
        D:6 |     764 |     272 |  26.3 |      22 |       1 |   4.3
        D:7 |    1334 |       0 |   0.0 |      23 |       0 |   0.0
        D:8 |     979 |     507 |  34.1 |      26 |      17 |  39.5
        D:9 |    5217 |    3063 |  37.0 |      98 |      52 |  34.7
       D:10 |    4101 |       0 |   0.0 |      46 |       0 |   0.0
       D:11 |    4927 |    3147 |  39.0 |      53 |       2 |   3.6
       D:12 |     986 |       0 |   0.0 |      11 |       0 |   0.0
       D:13 |    6504 |    1012 |  13.5 |      34 |       1 |   2.9
       D:14 |    8441 |       0 |   0.0 |      31 |       0 |   0.0
     Lair:1 |     645 |       0 |   0.0 |       3 |       0 |   0.0
     Lair:2 |    2946 |    1269 |  30.1 |      10 |       5 |  33.3
     Lair:3 |     696 |     519 |  42.7 |       4 |       2 |  33.3
     Lair:4 |    3157 |     478 |  13.1 |      15 |       1 |   6.2
     Lair:5 |    6424 |    3529 |  35.5 |      32 |       9 |  22.0
    Swamp:1 |     527 |       0 |   0.0 |       2 |       0 |   0.0
     Bailey |       0 |    1028 | 100.0 |       0 |      25 | 100.0
            +---------+---------+-------+---------+---------+-------
